 Dungeon Crawl Stone Soup version 0.14-a0-1403-g5d3c58f (webtiles) character file.

284 PolkaDot the Grave Robber (level 5, -1/35 HPs)
             Began as a Vampire Necromancer on Dec 10, 2013.
             Was a Follower of Kikubaaqudgha.
             Slain by a white imp (2 damage)
             ... summoned by Eustachio
             ... on Level 4 of the Dungeon.
             The game lasted 00:17:34 (2552 turns).

PolkaDot the Grave Robber (Vampire Necromancer)     Turns: 2552, Time: 00:17:35

HP  -1/35        AC  5     Str  7      XL: 5   Next: 15%
MP   0/9         EV 13     Int 21      God: Kikubaaqudgha [*.....]
Gold 128         SH  0     Dex 18      Spells:  3 memorised,  1 level left

rFire  . . .     SeeInvis +     (no weapon)
rCold  . . .     Clarity  .     a - +0 robe
rNeg   + . .     Conserve .     (no shield)
rPois  .         rCorr    .     (no helmet)
rElec  .         rRot     .     e - +2 cloak
SustAb . .       Spirit   .     (no gloves)
rMut   .         Warding  .     (no boots)
Saprov . . .     Stasis   .     (no amulet)
                                m - +4 ring of intelligence
                                c - +3 ring of dexterity

@: slightly resistant to hostile enchantments, stealthy
A: fangs 3, see invisible, unbreathing
a: Bat Form, Receive Corpses, Renounce Religion


You were on level 4 of the Dungeon.
You worshipped Kikubaaqudgha.
Kikubaaqudgha was aware of your devotion.
You were not thirsty.

You visited 1 branch of the dungeon, and saw 4 of its levels.

You collected 128 gold pieces.

Inventory:

Armour
 a - a +0 robe (worn)
 e - a +2 cloak (worn)
Magical devices
 d - a wand of magic darts (0)
Scrolls
 f - a scroll of identify
 g - a scroll of enchant weapon II
 h - a scroll of fog {unknown}
 i - a scroll of remove curse
 j - 2 scrolls of recharging {unknown}
 k - a scroll of magic mapping {unknown}
 l - a scroll of enchant weapon I {unknown}
Jewellery
 c - a +3 ring of dexterity (left hand)
 m - a +4 ring of intelligence (right hand)
Books
 b - a book of Necromancy

   Spells                             Type                      Level
   *Pain                              Necromancy                   1
   Animate Skeleton                   Necromancy                   1
   Lethal Infusion                    Charms/Necromancy            2
   *Vampiric Draining                 Necromancy                   3
   Regeneration                       Charms/Necromancy            3
   *Animate Dead                      Necromancy                   4
   Control Undead                     Necromancy                   4
 o - Kikubaaqudgha's Reference Book on Evil Arts
   (Kikubaaqudgha gifted it to you on level 4 of the Dungeon)

   Spells                             Type                      Level
   *Pain                              Necromancy                   1
   Corpse Rot                         Necromancy                   2
   Sublimation of Blood               Necromancy                   2
   Regeneration                       Charms/Necromancy            3
   Control Undead                     Necromancy                   4


   Skills:
 - Level 2.1 Dodging
 - Level 3.0 Stealth
 - Level 2.6 Spellcasting
 * Level 6.8 Necromancy


You had one spell level left.
You knew the following spells:

 Your Spells              Type           Power        Failure   Level  Hunger
a - Animate Dead          Necr           N/A          12%         4    ####...
d - Vampiric Draining     Necr           ####......   2%          3    ###....
p - Pain                  Necr           ####         1%          1    None


Dungeon Overview and Level Annotations

Branches:
Dungeon (4/16)
 Temple: D:4-7

Altars:
Fedhas
Kikubaaqudgha
Sif Muna

Annotations:
D:3 1 exclusion, Grinder
D:4 Dowan, Duvessa, Eustachio, Sigmund


Innate Abilities, Weirdness & Mutations

You have razor-sharp teeth.*
You have supernaturally acute eyesight.
You can survive without breathing.*


Message History

The grey rat bites you but does no damage.
The iron imp laughs crazily.
Your giant mite zombie bites the iron imp but does no damage.
The quokka misses you.
Eustachio mumbles some strange words.
The white imp closely misses you. The grey rat closely misses you.
The white imp hits you but does no damage.
You closely miss Eustachio.
Eustachio is almost dead.
The grey rat disappears in a puff of smoke!
The bat disappears in a puff of smoke!
The iron imp disappears in a puff of smoke!
The white imp disappears in a puff of smoke!
The quokka bites you.
* * * LOW HITPOINT WARNING * * *
Eustachio closely misses you. The white imp hits you.
* * * LOW HITPOINT WARNING * * *
The white imp freezes you.
You die...
Kikubaaqudgha rasps: "You have failed me!
Welcome... oblivion!"

#... .# #..# .#
#..######.#
#..#....#.#
#..#....#.# #
#..#..r.#.#.###
#.z#..........#
###.§555..r.....##
#...§r@@b..........
########.#........
#.#......##
#.#......#
#.######## #.# #.#
#.# #.#


You could see Eustachio, an iron imp, a green rat, 2 white imps, 2 quokkas, a
bat and a friendly giant mite zombie.

Vanquished Creatures
  An orc wizard (D:4)
  A worker ant (D:3)
  Ijyb (D:2)
  2 adders (D:2)
  A giant mite (D:4)
  A giant gecko (D:1)
  2 orcs (D:4)
  A ball python (D:3)
  6 bats
  A giant cockroach (D:2)
  5 goblins
  8 hobgoblins
  7 jackals
  9 kobolds
  3 giant newts
  8 rats
57 creatures vanquished.

Vanquished Creatures (collateral kills)
  A grey rat (D:4)
1 creature vanquished.

Vanquished Creatures (others)
  A giant newt zombie (D:4)
1 creature vanquished.

Grand Total: 59 creatures vanquished

Notes
Turn   | Place    | Note
--------------------------------------------------------------
     0 | D:1      | PolkaDot, the Vampire Necromancer, began the quest for the Orb.
     0 | D:1      | Reached XP level 1. HP: 13/13 MP: 3/3
   228 | D:1      | Reached XP level 2. HP: 16/19 MP: 2/4
   244 | D:1      | Reached skill level 5 in Necromancy
   886 | D:2      | Noticed Ijyb
   898 | D:2      | Killed Ijyb
   898 | D:2      | Reached XP level 3. HP: 12/24 MP: 0/6
   984 | D:2      | Learned a level 3 spell: Vampiric Draining
  1109 | D:2      | Found a deep blue altar of Sif Muna.
  1168 | D:2      | Reached skill level 6 in Necromancy
  1184 | D:2      | Found an ancient bone altar of Kikubaaqudgha.
  1189 | D:2      | Became a worshipper of Kikubaaqudgha
  1327 | D:2      | Reached XP level 4. HP: 27/30 MP: 3/7
  1342 | D:2      | Found a blossoming altar of Fedhas.
  1761 | D:3      | Noticed Grinder
  1823 | D:4      | Noticed Sigmund
  2028 | D:4      | Noticed Dowan
  2030 | D:4      | Noticed Duvessa
  2126 | D:4      | Reached XP level 5. HP: 21/35 MP: 0/9
  2211 | D:4      | Learned a level 4 spell: Animate Dead
  2506 | D:4      | Acquired Kikubaaqudgha's first power
  2506 | D:4      | Received a gift from Kikubaaqudgha
  2507 | D:4      | Identified Kikubaaqudgha's Reference Book on Evil Arts (Kikubaaqudgha gifted it to you on level 4 of the Dungeon)
  2512 | D:4      | Noticed Eustachio
  2552 | D:4      | HP: 1/35 [white imp[Eustachio] (1)]
  2552 | D:4      | Slain by a white imp

Action                   |  1- 3 |  4- 6 || total
-------------------------+-------+-------++-------
Melee: Unarmed           |    49 |   109 ||   158
 Cast: Pain              |    36 |    15 ||    51
       Vampiric Draining |     2 |    14 ||    16
       Animate Dead      |       |     2 ||     2
Evoke: Wand              |       |     8 ||     8
  Use: Potion            |     5 |     4 ||     9
       Scroll            |     2 |     2 ||     4
 Stab: Sleeping          |     1 |       ||     1
